 Dungeon Crawl Stone Soup version 0.22-b1-21-g5cfc1688f2 (webtiles) character file.

14910 ooze the Bludgeoner (level 11, -14/160 HPs)
             Began as a Minotaur Berserker on Aug 7, 2018.
             Was a High Priest of Trog.
             Killed from afar by an ice dragon (45 damage)
             ... with a blast of cold
             ... on level 12 of the Dungeon.
             The game lasted 00:47:37 (11650 turns).

ooze the Bludgeoner (Minotaur Berserker)           Turns: 11650, Time: 00:47:38

Health: -14/160    AC: 17    Str: 31    XL:     11   Next: 94%
Magic:  3/3        EV: 11    Int:  4    God:    Trog [*****.]
Gold:   688        SH:  0    Dex:  9    Spells: 10/10 levels left

rFire    . . .     SeeInvis .   F - +2 great mace (antimagic)
rCold    . . .     Gourm    .   (shield currently unavailable)
rNeg     . . .     Faith    .   S - +0 chain mail
rPois    .         Spirit   .   x - +0 hat
rElec    .         Reflect  .   b - +2 cloak
rCorr    .         Harm     .   (no gloves)
MR       .....                  M - +2 pair of boots
Stlth    ..........             (no amulet)
HPRegen  0.36/turn              (no ring)
MPRegen  0.08/turn              (no ring)

@: berserking, very quick
A: retaliatory headbutt, horns 2
a: Berserk, Trog's Hand, Brothers in Arms, Renounce Religion


You were on level 12 of the Dungeon.
You worshipped Trog.
Trog was extremely pleased with you.
You were not hungry.

You visited 1 branch of the dungeon, and saw 12 of its levels.

You collected 688 gold pieces.

Inventory:

Hand Weapons
 r - a +1 dire flail
 E - a +0 flail
 F - a +2 antimagic great mace (weapon)
 N - a +0 morningstar
Missiles
 u - 317 arrows
Armour
 b - a +2 cloak (worn)
 x - a +0 hat (worn)
 I - a +1 scale mail of cold resistance
 M - a +2 pair of boots (worn)
 S - a +0 chain mail (worn)
Jewellery
 i - an uncursed amulet of regeneration {unknown}
 j - a cursed ring of teleportation {unknown}
 m - a +4 ring of intelligence {unknown}
 q - a +4 ring of protection {unknown}
 t - an uncursed amulet of regeneration {unknown}
 D - an uncursed ring of protection from cold {unknown}
 G - a +3 ring of protection {unknown}
 O - a cursed -4 ring of strength {unknown}
Wands
 a - a wand of enslavement (20)
 h - a wand of iceblast (4)
 z - a wand of acid (26)
 A - a wand of flame (80)
 H - a wand of paralysis (14)
 L - a wand of random effects (10)
 R - a wand of polymorph (13)
 U - a wand of digging (11)
Scrolls
 e - a scroll of remove curse
 f - 5 scrolls of teleportation
 n - 5 scrolls of enchant armour
 s - 2 scrolls of magic mapping
 y - a scroll of fog
 K - a scroll of blinking
 Q - a scroll of immolation {unknown}
 T - 6 scrolls of identify {unknown}
Potions
 d - 2 potions of might {unknown}
 g - 4 potions of flight {unknown}
 k - 3 potions of brilliance {unknown}
 l - 3 potions of mutation {unknown}
 o - 2 potions of ambrosia {unknown}
 p - 8 potions of curing {unknown}
 v - 3 potions of lignification {unknown}
 w - 6 potions of heal wounds {unknown}
 B - 2 potions of degeneration {unknown}
 C - 2 potions of cancellation {unknown}
 J - 3 potions of invisibility {unknown}
 P - 2 potions of haste {unknown}
 V - a potion of agility {unknown}
Comestibles
 c - 20 rations


   Skills:
 + Level 13.3 Fighting
 * Level 16.4 Maces & Flails
 + Level 7.8 Armour
 + Level 4.4 Dodging


You had 10 spell levels left.
You didn't know any spells.
Your spell library was empty.

Dungeon Overview and Level Annotations

Branches:
Dungeon (12/15)            Temple (0/1) D:7            Lair (0/6) D:11
    Orc (0/2) D:12

Altars:
Ashenzari
Cheibriados
Elyvilon
Qazlal
Vehumet
Wu Jian
Yredelemnul
Zin
The Shining One
Beogh

Shops:
D:5 =(   D:10 %

Annotations:
D:12 1 runed door


Innate Abilities, Weirdness & Mutations

You reflexively headbutt those who attack you in melee.
You have a pair of horns on your head.


Message History

The worker ant barely misses you.
You closely miss the worker ant. You headbutt the worker ant!
You kill the worker ant!
Trog accepts your kill.
You eat one of the 21 rations.
That ration really hit the spot!
HP restored.
The ice dragon roars deafeningly!
You open the door. The ice dragon breathes frost at you.
The blast of cold hits you!
Ouch! That really hurt!
A red film seems to cover your vision as you go berserk!
You feel yourself moving faster!
You feel mighty!
You feel a lot more hungry. The ice dragon breathes frost at you.
The blast of cold hits the ice dragon.
The ice dragon resists.
The blast of cold hits you!
* * * LOW HITPOINT WARNING * * *
The ice dragon breathes frost at you. The blast of cold hits you!
You die...

..#..(# ...# ...#≈≈#...##
..##..# ....#.⌠..#≈≈#...##
..##.(##....#....####....#
..##........#...[...#....#
####........####....#....#
#.........#≈≈#D.⌠.#....#
##..##....#≈≈#DD..#.#.##
##..##..#.####D####.###
#.............@.....#
#...............#####
##..##....###..####
#####....###.....#
#............##
#............#
#...........[#
#............#
#............#


You could see 2 fire dragons and 2 ice dragons.

Vanquished Creatures
  Harold (D:8)
  Erolcha (D:10)
  2 two-headed ogres
  An unseen horror (D:11)
  An ugly thing (D:10)
  A centaur zombie (D:11)
  2 cyclopes (D:12)
  A gargoyle (D:12)
  4 slime creatures
  2 hippogriffs
  A human (D:8)
  10 yaks
  2 wyverns
  4 hogs (D:8)
  A wraith (D:11)
  4 steam dragons
  A soldier ant (D:12)
  2 insubstantial wisps (D:11)
  3 ice beasts
  An orc warrior (D:12)
  5 sky beasts
  The ghost of Shavain the Ruffian, an amateur TrTm (D:3)
  3 ogres
  2 crocodiles
  11 centaurs
  2 big kobolds
  8 bullfrogs
  A gnoll sergeant (D:12)
  7 killer bees
  5 scorpions
  3 wights (D:12)
  The ghost of zx48k the Magician, a weakling DDWz (D:4)
  4 howler monkeys
  2 bullfrog zombies
  3 crimson imps
  6 hounds
  2 jellies
  9 orc priests
  A centaur skeleton (D:4)
  A bullfrog skeleton (D:12)
  2 iguanas
  10 orc wizards
  10 worker ants
  A killer bee zombie (D:8)
  2 hound skeletons
  A hound zombie (D:5)
  3 gnolls (D:12)
  9 adders
  3 shadow imps
  An ooze (D:4)
  An adder skeleton (D:4)
  3 adder zombies
  3 worms
  A dart slug (D:1)
  3 leopard geckos
  34 orcs
  3 giant cockroaches
  5 goblins
  7 hobgoblins
  14 jackals
  7 quokkas
  2 ball pythons
  5 bats
  7 frilled lizards
  A giant cockroach zombie (D:6)
  2 jackal zombies
  18 kobolds
  6 rats
286 creatures vanquished.

Vanquished Creatures (others)
  2 sky beasts (D:11)
2 creatures vanquished.

Grand Total: 288 creatures vanquished

Notes
Turn   | Place    | Note
-------+----------+-------------------------------------------
     0 | D:1      | ooze the Minotaur Berserker began the quest for the Orb.
     0 | D:1      | Reached XP level 1. HP: 19/19 MP: 0/0
   192 | D:1      | Reached skill level 4 in Maces & Flails
   270 | D:1      | Reached XP level 2. HP: 27/27 MP: 1/1
   846 | D:2      | Reached XP level 3. HP: 14/33 MP: 2/2
  1025 | D:2      | Found an ornate altar of the Wu Jian Council.
  1033 | D:2      | Reached ** piety under Trog
  1146 | D:2      | Reached skill level 5 in Maces & Flails
  1826 | D:3      | Noticed a centaur
  1833 | D:3      | Killed a centaur
  1833 | D:3      | Reached skill level 6 in Maces & Flails
  1833 | D:3      | Reached XP level 4. HP: 31/41 MP: 3/3
  1833 | D:3      | Reached XP level 5. HP: 36/47 MP: 4/4
  1996 | D:3      | Found a snail-covered altar of Cheibriados.
  2299 | D:3      | Found a large runed door.
  2301 | D:3      | Found a large runed door.
  2303 | D:3      | Noticed Shavain's ghost (amateur TrTm)
  2323 | D:3      | Killed Shavain's ghost
  2323 | D:3      | Reached skill level 5 in Fighting
  2704 | D:4      | Found a runed gate.
  2704 | D:4      | Noticed zx48k's ghost (weakling DDWz)
  2705 | D:4      | Found a runed gate.
  2706 | D:4      | Found a runed gate.
  2712 | D:4      | Reached skill level 7 in Maces & Flails
  2712 | D:4      | Reached XP level 6. HP: 56/56 MP: 5/5
  2725 | D:4      | Found a roughly hewn altar of Beogh.
  2742 | D:4      | Killed zx48k's ghost
  3267 | D:4      | Reached skill level 8 in Maces & Flails
  3696 | D:5      | Entered Level 5 of the Dungeon
  3717 | D:5      | Reached XP level 7. HP: 51/63 MP: 6/6
  4013 | D:5      | Reached *** piety under Trog
  4100 | D:5      | Found Gyipibla's Antique Weapon Boutique.
  4126 | D:5      | Found a radiant altar of Vehumet.
  4139 | D:5      | Reached skill level 9 in Maces & Flails
  4426 | D:5      | Found Putres's Jewellery Shoppe.
  4658 | D:6      | You fall through a shaft for 2 floors!
  4724 | D:8      | Reached XP level 8. HP: 73/73 MP: 7/7
  4887 | D:8      | Reached skill level 10 in Maces & Flails
  5101 | D:7      | Reached skill level 11 in Maces & Flails
  5423 | D:6      | Reached **** piety under Trog
  5784 | D:6      | Found a stormy altar of Qazlal.
  5786 | D:6      | Found a glowing silver altar of Zin.
  5788 | D:6      | Found a white marble altar of Elyvilon.
  5858 | D:6      | Found a basalt altar of Yredelemnul.
  5907 | D:6      | Found a glowing golden altar of the Shining One.
  5958 | D:7      | Reached XP level 9. HP: 82/82 MP: 8/8
  6106 | D:7      | Found a staircase to the Ecumenical Temple.
  6123 | D:7      | Reached skill level 12 in Maces & Flails
  6769 | D:8      | Noticed Harold
  6781 | D:8      | Killed Harold
  6781 | D:8      | Reached skill level 10 in Fighting
  6781 | D:8      | Reached skill level 13 in Maces & Flails
  7146 | D:8      | Reached XP level 10. HP: 94/94 MP: 9/9
  7147 | D:8      | Reached skill level 14 in Maces & Flails
  7441 | D:9      | Noticed a two-headed ogre
  7453 | D:9      | Killed a two-headed ogre
  7582 | D:9      | Found a shattered altar of Ashenzari.
  7668 | D:9      | Reached ***** piety under Trog
  7699 | D:9      | Reached skill level 15 in Maces & Flails
  8270 | D:10     | Entered Level 10 of the Dungeon
  8590 | D:10     | Noticed Erolcha
  8603 | D:10     | Killed Erolcha
  8938 | D:10     | Found Hasag's Food Shoppe.
  9167 | D:11     | Found a radiant altar of Vehumet.
  9359 | D:11     | Reached XP level 11. HP: 67/104 MP: 10/10
  9607 | D:11     | Noticed a cyan ugly thing
  9608 | D:11     | Noticed a two-headed ogre
  9618 | D:10     | Killed a cyan ugly thing
  9672 | D:11     | Killed a two-headed ogre
  9672 | D:11     | Reached skill level 5 in Armour
  9818 | D:11     | Found a staircase to the Lair.
 10261 | D:11     | Killed an unseen horror
 10261 | D:11     | Reached skill level 16 in Maces & Flails
 10687 | D:12     | Received a gift from Trog
 10689 | D:12     | Found a staircase to the Orcish Mines.
 11540 | D:12     | Noticed a fire dragon
 11543 | D:12     | Found a runed door.
 11543 | D:12     | Noticed a fire dragon
 11544 | D:12     | Found the +2 shield of Resistance {rF+ rC+ MR+}
 11564 | D:12     | Noticed an ice dragon
 11567 | D:12     | Noticed an ice dragon
 11573 | D:12     | Found a runed door.
 11650 | D:12     | Killed from afar by an ice dragon

Skill      XL: |  1  2  3  4  5  6  7  8  9 10 11 |
---------------+----------------------------------+-----
Maces & Flails | 4 6 7 8 9 11 13 15 16 | 16.4
Fighting       | 4 5 6 7 8 10 12 13 | 13.3
Armour         | 4 7 |  7.8
Dodging        | 4 |  4.4

Action                   |  1- 3 |  4- 6 |  7- 9 | 10-12 || total
-------------------------+-------+-------+-------+-------++-------
Melee: Mace              |    80 |     8 |       |       ||    88
       Headbutt          |     4 |     8 |    41 |    73 ||   126
       Dire flail        |       |    71 |   224 |    82 ||   377
       Morningstar       |       |       |       |   198 ||   198
       Great mace        |       |       |       |    78 ||    78
Invok: Berserk           |     1 |     3 |     6 |    13 ||    23
  Use: Scroll            |       |     6 |       |     5 ||    11
 Stab: Sleeping          |     1 |       |       |       ||     1
  Eat: Chunk             |     2 |    10 |    16 |    17 ||    45
       Ration            |       |       |       |     3 ||     3
Armor: Animal skin       |    16 |       |       |       ||    16
       Ring mail         |     1 |     5 |    63 |    12 ||    81
       Scale mail        |       |    17 |       |    35 ||    52
       Chain mail        |       |       |       |   117 ||   117
Dodge: Dodged            |    83 |    52 |    90 |   158 ||   383
